 Dungeon Crawl Stone Soup version 0.31.0-32-g396128a36d (webtiles) character file.

Game seed: 8132670193343870016

1750 safid the Grappler (level 8, -1/91 HPs)
             Began as a Red Draconian Shapeshifter on Apr 1, 2024.
             Was an Initiate of Ru.
             Slain by a gnoll
             ... wielding a +0 club
             ... led by a gnoll bouda
              (3 damage)
             ... on level 6 of the Dungeon.
             The game lasted 00:11:13 (4918 turns).

safid the Grappler (Red Draconian Shapeshifter)     Turns: 4918, Time: 00:11:14

Health: -1/91      AC: 24    Str: 19    XL:     8   Next: 78%
Magic:  8/8        EV:  2    Int: 11    God:    Ru [......]
Gold:   383        SH:  0    Dex: 10    Spells: 7/7 levels left

rFire   . .          .
                       - Unarmed
rCold   . . .        (no shield)
rNeg    . . .        (body armour unavailable)
rPois   +            (helmet currently unavailable)
rElec   .            (cloak currently unavailable)
rCorr   .            (gloves currently unavailable)
SInv    .            (boots currently unavailable)
Will    .....        (no amulet)
Stlth   +            w - +5 ring of evasion
HPRegen 0.35/turn    u - ring of poison resistance
MPRegen 0.11/turn

%: no passive effects
@: tree-form, weakened, attractive
A: stationary, stasis, torment immunity, boosted hp, (breathe fire), AC +6,
unfitting armour, (fire resistance 1), (cold-blooded)
a: Renounce Religion


You were on level 6 of the Dungeon.
You worshipped Ru.
Ru was noncommittal.
You were a tree.
You visited 2 branches of the dungeon, and saw 7 of its levels.
You also visited: Sewer.

You collected 383 gold pieces.

Inventory:

Missiles
 g - 4 darts of dispersal (quivered)
 i - a throwing net
Armour
 y - a +2 tower shield
Jewellery
 l - a ring of willpower
 u - a ring of poison resistance (right branch)
 w - a +5 ring of evasion (left branch)
Talismans
 b - a beast talisman
 c - a flux talisman
Wands
 d - a wand of quicksilver (7)
 x - a wand of digging (8)
Scrolls
 f - a scroll of immolation {unknown}
 h - a scroll of blinking
 j - a scroll of poison {unknown}
 o - a scroll of fear {unknown}
 t - a scroll of fog {unknown}
 v - a scroll of brand weapon {unknown}
Potions
 a - a potion of lignification
 e - a potion of mutation {unknown}
 n - 2 potions of enlightenment
 p - a potion of brilliance {unknown}
 q - a potion of berserk rage
 r - 2 potions of attraction
 s - a potion of curing


   Skills:
 + Level 1.9 Fighting
 - Level 2.0 Dodging
 + Level 9.4 Unarmed Combat
 * Level 7.0 Shapeshifting


You had 7 spell levels left.
You didn't know any spells.
Your spell library contained the following spells:

 Spells                   Type           Power      Damage    Failure   Level
 Olgreb's Toxic Radiance  Alch           0%         N/A       98%         4
 Summon Blazeheart Golem  Fire/Summ      0%         N/A       98%         4
 Orb of Destruction       Conj           0%         9d5       100%        7
 Ozocubu's Refrigeration  Ice            0%         4d7       100%        7
 Spellforged Servitor     Conj/Summ      0%         N/A       100%        7
 Discord                  Hex            0%         N/A       100%        8


Dungeon Overview and Level Annotations

Branches:
Dungeon (6/15)             Temple (1/1) D:6           Sewer (visited)

Altars:
Cheibriados
Elyvilon
Fedhas
Gozag
Hepliaklqana
Kikubaaqudgha
Makhleb
Nemelex Xobeh
Okawaru
Ru
Sif Muna
Trog
Vehumet
Wu Jian
Yredelemnul
Zin
The Shining One

Shops:
D:2 [((   D:6 [

Annotations:
D:4 3 runed translucent doors, jimmypageman's ghost, novice GnWn


Innate Abilities, Weirdness & Mutations

You are a tree.
Your roots penetrate the ground, keeping you stationary.
You cannot be teleported.
You are immune to unholy pain and torment.
Your maximum health is greatly increased.
Your equipment is partially melded.
((You can breathe blasts of fire.))
((Your fiery red scales are hard. (AC +6)))
You cannot fit into any form of body armour.
((Your flesh is heat resistant. (rF+)))
((You are cold-blooded and may be slowed by cold attacks.))


Message History

* * * LOW HITPOINT WARNING * * *
Unknown command.
Unknown command.
It was a potion of attraction.
You feel attractive to monsters. The gnoll hits you but does no damage.
The gnoll bouda barks out a call to the hunt!
The gnoll picks up the pace!
The gnoll hits you but does no damage. x2
It was a potion of curing.
You feel better. The gnoll hits you with a +0 club.
* * * LOW HITPOINT WARNING * * *
The gnoll bouda gazes fiercely through you!
You feel your attacks grow feeble.
The gnoll bouda hits you but does no damage.
The gnoll barely misses you. The gnoll hits you but does no damage.
Unknown command.
Unknown command.
You hit the gnoll.
The gnoll is moderately wounded.
Your enlightenment fades.
The gnoll hits you but does no damage.
The gnoll bouda hits you but does no damage.
The gnoll hits you but does no damage. The gnoll hits you with a +0 halberd!
* * * LOW HITPOINT WARNING * * *
You completely miss the gnoll.
The gnoll is moderately wounded.
The gnoll hits you but does no damage.
The gnoll bouda hits you with a +0 club.
* * * LOW HITPOINT WARNING * * *
The gnoll hits you but does no damage.
Unknown command.
You feel better. The gnoll barely misses you. x2
The gnoll bouda hits you but does no damage.
The gnoll hits you from afar with a +0 spear.
* * * LOW HITPOINT WARNING * * *
Unknown command.
You barely miss the gnoll bouda. The gnoll hits you with a +0 halberd!
* * * LOW HITPOINT WARNING * * *
The gnoll hits you with a +0 club.
You die...

#......#.....#.##.####...#
##.#..#.#.##.......# #...#
...#..#......##[#..# #)..#
#......##.>....#..# ##..##
#..##......##....## ##..##
.###...†#.##....##..# ##.?#
.:...##.#....##.....# ####.#####
..#........#..ggg#..####.....<..#
.....##.##.#..##♣#....##........#
.#............$g...##...........#
.........###############........#
.........# #........#
............ #...>....#
.........##.# #.>......#
......._.. # #........#
....._..... #...$....#
..g......... #........#


You could see a gnoll bouda and 3 gnolls.

Vanquished Creatures
  Sigmund (D:5)
  An ice beast (D:4)
  An ogre (D:4)
  Pargi (Sewer)
  3 phantoms
  A brain worm (Sewer)
  3 scorpions
  A howler monkey (D:4)
  2 hounds (D:5)
  A jelly (D:4)
  5 bombardier beetles
  4 iguanas
  Natasha (twice) (D:2)
  3 orc wizards
  7 gnolls
  7 adders
  2 river rats (D:3)
  A shadow imp (D:6)
  A white imp (D:5)
  2 ufetubi (D:6)
  A dart slug (D:1)
  5 ribbon worms
  15 orcs
  15 bats
  9 endoplasms
  4 giant cockroaches
  7 goblins
  13 hobgoblins
  12 jackals
  8 kobolds
  5 quokkas
  10 ball pythons
  5 frilled lizards
  7 rats
165 creatures vanquished.

Notes
Turn   | Place    | Note
-------+----------+-------------------------------------------
     0 | D:1      | safid the Draconian Shapeshifter began the quest for the
                  | Orb.
     0 | D:1      | Reached XP level 1. HP: 16/16 MP: 1/1
   102 | D:1      | Reached XP level 2. HP: 11/23 MP: 2/2
   710 | D:1      | Reached XP level 3. HP: 25/28 MP: 3/3
  1068 | D:2      | Noticed Natasha
  1075 | D:2      | Killed Natasha
  1076 | D:2      | Reached skill level 4 in Unarmed Combat
  1076 | D:2      | Reached XP level 4. HP: 19/35 MP: 4/4
  1168 | D:2      | Found Holafaen's Antique Weapon Boutique.
  1286 | D:2      | Found Harryril's Weapon Shoppe.
  1546 | D:2      | Found Pufeb's Armour Shoppe.
  1635 | D:2      | Noticed Natasha
  1642 | D:2      | Killed Natasha
  1723 | D:3      | Reached XP level 5. HP: 22/40 MP: 5/5
  1747 | D:3      | Found a glowing drain.
  1759 | Sewer    | Entered a sewer
  1890 | Sewer    | Reached skill level 5 in Unarmed Combat
  1959 | Sewer    | Noticed Pargi
  1968 | Sewer    | Killed Pargi
  1969 | Sewer    | Reached XP level 6. HP: 47/47 MP: 6/6
  2037 | D:3      | Found a white marble altar of Elyvilon.
  2141 | D:3      | Reached skill level 5 in Shapeshifting
  2353 | D:3      | Found a glowing silver altar of Zin.
  2653 | D:4      | Reached skill level 6 in Unarmed Combat
  2748 | D:4      | Found an opulent altar of Gozag.
  2889 | D:4      | Your scales start taking on a fiery red colour.
  2889 | D:4      | Reached XP level 7. HP: 43/52 MP: 7/7
  2889 | D:4      | Gained mutation: Your flesh is heat resistant. (rF+) [Red
                  | Draconian growth]
  3000 | D:4      | Reached skill level 7 in Unarmed Combat
  3478 | D:4      | Reached XP level 8. HP: 59/60 MP: 8/8
  3539 | D:4      | Found a glowing golden altar of the Shining One.
  3566 | D:4      | Found a runed translucent gate.
  3566 | D:4      | Found a runed translucent gate.
  3568 | D:4      | Found a runed translucent gate.
  3568 | D:4      | Noticed jimmypageman's ghost (novice GnWn)
  3809 | D:5      | Entered Level 5 of the Dungeon
  3901 | D:5      | Noticed Sigmund
  3964 | D:5      | Reached skill level 8 in Unarmed Combat
  4091 | D:5      | Found an iron altar of Okawaru.
  4360 | D:5      | Killed Sigmund
  4361 | D:5      | Reached skill level 9 in Unarmed Combat
  4447 | D:5      | Found a shimmering blue altar of Sif Muna.
  4571 | D:6      | Identified the +6 dagger of Dullness {drain, rPois rCorr
                  | Str-2 Dex+2}
  4732 | D:6      | Found a staircase to the Ecumenical Temple.
  4741 | Temple   | Entered the Ecumenical Temple
  4792 | Temple   | Became a worshipper of Ru the Awakened
  4859 | D:6      | Found a blossoming altar of Fedhas.
  4860 | D:6      | Found an ornate altar of the Wu Jian Council.
  4861 | D:6      | Found Liaroel's Armour Emporium.
  4862 | D:6      | Found a burning altar of Makhleb.
  4918 | D:6      | HP: 2/91 [gnoll/+0 halberd[a gnoll bouda] (7)]
  4918 | D:6      | Slain by a gnoll

Illustrated notes

Levels and vault maps discovered:
D:1:      dpeg_arrival_arbitrary_a, layout_basic
D:2:      minmay_wonky_spiral, layout_loops_ring, serial_shops,
          nicolae_shop_real_fake_doors,
          nicolae_shop_temple_entry_statues_fountains,
          nicolae_shop_behind_doors, uniq_natasha
D:3:      layout_basic, general_overflow_altar, elyvilon_altar_5,
          portal_sewer_entry_a
D:4:      minmay_chambers_of_threes, layout_basic, mainiacjoe_overflow_brackets,
          mainiacjoe_overflow_surrounded_room, serial_glass, glass_columns_c,
          glass_columns_a, glass_columns_a, glass_columns_a, glass_columns_b,
          glass_columns_a, gammafunk_ghost_nasty_kobolds
D:5:      layout_cave_pools, kennysheep_orc_sif_temple, okawaru_trees_2,
          uniq_sigmund
D:6:      layout_rooms, grunt_temple_overflow_open, minmay_temple_entry_ruins,
          serial_shops, shop, enter_ossuary_3, uniq_duvessa
Temple:   pf_temple_reverse_labyrinth

Skill      XL: |  1  2  3  4  5  6  7  8 |
---------------+-------------------------+-----
Dodging        | 2 |  2.0
Unarmed Combat | 4 5 6 7 9 |  9.4
Shapeshifting  | 4 5 6 7 |  7.0
Fighting       | |  1.9

Action                     |  1- 3 |  4- 6 |  7- 9 || total
---------------------------+-------+-------+-------++-------
  Melee: Unarmed           |   108 |   165 |   178 ||   451
         Tailslap          |    11 |    15 |    23 ||    49
         Punch             |     1 |     4 |     8 ||    13
Ability: Breathe Fire      |       |       |     1 ||     1
    Use: Potion            |       |     1 |     5 ||     6
         Scroll            |       |       |     5 ||     5
 Armour: Skin              |    55 |    79 |   123 ||   257
  Dodge: Dodged            |    73 |    83 |   142 ||   298
